 Dungeon Crawl Stone Soup version 0.30.1 (webtiles) character file.

Game seed: 2332757111382176663

125 Destapler the Covered (level 4, -5/61 HPs)
             Began as a Minotaur Fighter on July 5, 2023.
             Killed by divine providence
             ... invoked by an orc priest
              (14 damage)
             ... on level 2 of the Dungeon.
             The game lasted 00:01:54 (1544 turns).

Destapler the Covered (Minotaur Fighter)            Turns: 1544, Time: 00:01:55

Health: -5/61      AC: 22    Str: 22    XL:     4   Next: 82%
Magic:  3/3        EV:  2    Int:  5    God:
Gold:   113        SH:  4    Dex: 10    Spells: 3/3 levels left

rFire   . . .        a - +0 war axe
rCold   . . .        c - +0 buckler
rNeg    . . .        b - melded +0 scale mail
rPois   +            (helmet currently unavailable)
rElec   .            (cloak currently unavailable)
rCorr   .            e - melded +0 pair of gloves
SInv    +            (boots currently unavailable)
Will    .....        (no amulet)
Stlth   +            o - ring of see invisible
HPRegen 0.30/turn    (no ring)
MPRegen 0.08/turn

%: no passive effects
@: tree-form
A: stationary, stasis, torment immunity, boosted hp, (horns 2), (retaliatory
headbutt)
a: no special abilities


You were on level 2 of the Dungeon.
You were a tree.
You visited 1 branch of the dungeon, and saw 3 of its levels.

You collected 113 gold pieces.

Inventory:

Hand Weapons
 a - a +0 war axe (weapon)
Missiles
 n - a throwing net (quivered)
Armour
 b - a +0 scale mail (melded)
 c - a +0 buckler (worn)
 e - a +0 pair of gloves (melded)
Jewellery
 o - a ring of see invisible (left branch)
Scrolls
 f - 3 scrolls of identify {unknown}
 g - 4 scrolls of teleportation {unknown}
 h - 2 scrolls of poison {unknown}
 k - a scroll of fear {unknown}
 q - a scroll of silence {unknown}
 r - a scroll of fog {unknown}
 v - a scroll of enchant weapon {unknown}
Potions
 i - a potion of ambrosia {unknown}
 j - a potion of magic {unknown}
 l - a potion of degeneration {unknown}
 m - a potion of invisibility {unknown}
 p - a potion of curing {unknown}
 s - a potion of attraction {unknown}
 t - a potion of haste {unknown}
 u - a potion of berserk rage {unknown}
 w - a potion of mutation {unknown}


   Skills:
 + Level 4.6 Fighting
 + Level 3.7 Axes
 + Level 4.6 Armour
 + Level 4.5 Shields


You had 3 spell levels left.
You didn't know any spells.
Your spell library contained the following spells:

 Spells                   Type           Power      Damage    Failure   Level
 Magic Dart               Conj           0%         1d3       54%         1
 Necrotise                Necr           0%         1d4       54%         1
 Call Imp                 Summ           0%         N/A       67%         2
 Searing Ray              Conj           0%         2d4       67%         2
 Mephitic Cloud           Conj/Pois/Air  0%         N/A       88%         3
 Fulminant Prism          Conj/Hex       0%         3d5       99%         4


Dungeon Overview and Level Annotations

Branches:
Dungeon (3/15)

Altars:


Innate Abilities, Weirdness & Mutations

You are a tree.
Your roots penetrate the ground, keeping you stationary.
You cannot be teleported.
You are immune to unholy pain and torment.
Your maximum health is greatly increased.
Your equipment is partially melded.
((You have a pair of horns on your head.))
((You reflexively headbutt those who attack you in melee.))


Message History

Things that are here:
a +0 mace; a boomerang The orc wizard closely misses you.
The orc wizard hits you but does no damage.
The orc priest calls down the wrath of Beogh upon you.
Beogh smites you!
There is a stone staircase leading up here.
The orc wizard hits you but does no damage.
The orc wizard hits you with a +0 dagger.
In your confused state, you trip and fall back down the stairs.
The orc wizard hits you but does no damage.
The orc wizard completely misses you.
The orc priest hits you with a +0 war axe.
The orc wizard hits you but does no damage.
The orc wizard points at you and mumbles some strange words.
The magic dart hits you!
* * * LOW HITPOINT WARNING * * *
The orc priest hits you but does no damage.
You climb upwards.
There is a stone staircase leading down here.
You miss the orc priest. You closely miss the orc wizard.
You barely miss the orc wizard.
You feel less confused. You block the orc wizard's attack. x2
The orc priest calls upon Beogh to heal the orc wizard.
The orc wizard's wounds heal themselves!
The orc wizard hits you but does no damage.
The orc wizard gestures at you while chanting.
The magic dart hits you.
* * * LOW HITPOINT WARNING * * *
The orc priest hits you with a +0 war axe.
* * * LOW HITPOINT WARNING * * *
It was a potion of lignification.
You turn into a tree.
Your +0 pair of gloves melds into your body.
Your +0 scale mail melds into your body.
Your roots penetrate the ground.
The orc wizard hits you but does no damage. x2
The orc priest calls down the wrath of Beogh upon you.
Beogh smites you!
You die...

#.......#...........##.##
######..#.#..............
#....#...#.....##...
#......#.#...#######
###....#.#.#<....#
#......#.#.##.##.#
#.###..........#.#
#...oo##.#.##....#####
#####♣.......††.......
#o##.#.##........# #######
##.##.#...........# #.....#
#........#........#
#..[..###........#........#
#................#........#
#.........########........#
#.........# #........#
#.....))..# #........#


You could see an orc priest and 2 orc wizards.

Vanquished Creatures
  7 gnolls (D:2)
  A worm (D:2)
  3 orcs (D:3)
  3 endoplasms
  3 giant cockroaches (D:1)
  3 goblins
  5 hobgoblins
  8 jackals
  A quokka (D:3)
  3 ball pythons
  5 bats
  2 frilled lizards
  2 kobolds
  7 rats
53 creatures vanquished.

Notes
Turn   | Place    | Note
-------+----------+-------------------------------------------
     0 | D:1      | Destapler the Minotaur Fighter began the quest for the Orb.
     0 | D:1      | Reached XP level 1. HP: 19/19 MP: 0/0
   192 | D:1      | Reached XP level 2. HP: 27/27 MP: 1/1
   676 | D:2      | Reached XP level 3. HP: 24/33 MP: 2/2
   705 | D:2      | Reached XP level 4. HP: 12/40 MP: 3/3
  1442 | D:3      | Found a faded altar of an unknown god.
  1448 | D:3      | Got Plato's Anthology of Stolen Souls
  1544 | D:2      | Killed from afar by an orc priest

Illustrated notes

Levels and vault maps discovered:
D:1:      amcnicky_arrival_feature_with_door, layout_rooms
D:2:      layout_basic
D:3:      layout_loops_corners, shapermc_ecumenical_altar_rom_forum

Skill      XL: |  1  2 |
---------------+-------+-----
Shields        | 4 |  4.5
Fighting       | 4 |  4.6
Armour         | 4 |  4.6
Axes           | 3 |  3.7

Action                     |  1- 3 |  4- 6 || total
---------------------------+-------+-------++-------
  Melee: War axe           |    47 |    49 ||    96
         Headbutt          |     3 |     5 ||     8
    Use: Potion            |     1 |     1 ||     2
 Armour: Scale mail        |    29 |    35 ||    64
         Skin              |       |     2 ||     2
  Dodge: Dodged            |    31 |    22 ||    53
  Block: Buckler           |    15 |    10 ||    25
